 Dungeon Crawl Stone Soup version 0.31.0-11-ge490571c62 (webtiles) character file.

Game seed: 15967992705938466981

69461 sanka the Black Belt (level 15, -5/189 HPs)
             Began as a Merfolk Shapeshifter on Feb 3, 2024.
             Was a High Priest of Okawaru.
             Killed from afar by an ice dragon (60 damage)
             ... with a blast of cold
             ... on level 2 of the Depths.
             The game lasted 00:38:44 (19901 turns).

sanka the Black Belt (Merfolk Shapeshifter)        Turns: 19901, Time: 00:38:45

Health: -5/189     AC: 16    Str: 25    XL:     15   Next: 30%
Magic:  1/22       EV: 23    Int: 10    God:    Okawaru [*****.]
Gold:   1310       SH:  0    Dex: 20    Spells: 14/14 levels left

rFire   + +          .
                       - Unarmed
rCold   x . .        (shield currently unavailable)
rNeg    . . .        N - melded +2 robe {rC+}
rPois   +            k - melded +0 helmet
rElec   .            (cloak currently unavailable)
rCorr   .            J - melded +2 pair of gloves "Basus" {rN++}
SInv    .            r - melded +1 pair of boots
Will    +....        F - amulet of faith
Stlth   +++          s - +4 ring of protection
HPRegen 0.51/turn    T - +5 ring of evasion
MPRegen 0.18/turn

%: faith
@: about to teleport, dragon-form, heroic, finesse-ful, flying, studying
Polearms
A: dragon claw, dragon scales, breathe fire, flying, boosted hp, giant, (nimble
swimmer 2), (mertail)
a: Breathe Fire, Begin Untransformation, Renounce Religion, Heroism, Finesse,
Duel


You were on level 2 of the Depths.
You worshipped Okawaru.
Okawaru was extremely pleased with you.
You were a fearsome dragon!
You visited 3 branches of the dungeon, and saw 18 of its levels.

You collected 2090 gold pieces.
You spent 780 gold pieces at shops.


Innate Abilities, Weirdness & Mutations

You are a fearsome dragon!
You have a powerful clawing attack.
Your giant scaled body is strong and resilient, but less evasive.
You can breathe fire.
You are flying.
Your maximum health is greatly increased.
Your armour is entirely melded.
You are incapable of wielding weapons or throwing items.
((You are very nimble when in or above water. (Stealth+, EV+, Speed+++)))
((Your lower body shifts to a powerful aquatic tail in water.))


   Skills:
 + Level 14.1(19.1) Fighting
 - Level 12.0(17.0) Dodging
 + Level 16.7(21.7) Unarmed Combat
 - Level 10.0 Invocations
 - Level 16.0 Shapeshifting


You had 14 spell levels left.
You didn't know any spells.
Your spell library contained the following spells:

 Spells                   Type           Power      Damage    Failure   Level
 Cigotuvi's Dreadful Rot  Necr/Alch/Air  0%         N/A       50%         2
 Ensorcelled Hibernation  Hex/Ice        0%         N/A       50%         2
 Inner Flame              Hex/Fire       0%         N/A       75%         3
 Passwall                 Erth           0%         N/A       75%         3
 Swiftness                Air            0%         N/A       75%         3
 Volatile Blastmotes      Fire/Tloc      0%         2d10      75%         3
 Dispel Undead            Necr           0%         3d6       98%         4
 Flame Wave               Conj/Fire      0%         2d4       98%         4
 Fulminant Prism          Conj/Alch      0%         3d5       98%         4
 Ignite Poison            Fire/Alch      0%         N/A       98%         4
 Iskenderun's Mystic Bla  Conj/Tloc      0%         2d3       98%         4
 Sticky Flame             Fire/Alch      0%         2d4       98%         4
 Ignition                 Fire           0%         3d3       100%        8
 Martyr's Knell           Necr/Summ      Unusable   N/A       N/A         4
 Death Channel            Necr           Unusable   N/A       N/A         6

Inventory:

Missiles
 B - 2 throwing nets {=f}
 I - 6 curare-tipped darts {=f}
Armour
 k - a +0 helmet (melded)
 r - a +1 pair of boots (melded)
 J - the +2 pair of gloves "Basus" (melded) {rN++} rN++: It greatly protects you from negative energy.
 N - a +2 robe of cold resistance (melded)
 R - a scarf of invisibility
Jewellery
 h - a ring of poison resistance
 s - a +4 ring of protection (left foreclaw)
 v - a +6 ring of dexterity
 D - a ring of fire
 F - an amulet of faith (around neck)
 M - a ring of ice
 P - a ring of see invisible
 T - a +5 ring of evasion (right foreclaw)
 V - a +5 ring of evasion
Talismans
 c - a beast talisman
 d - a flux talisman
 K - a serpent talisman
 S - a dragon-blood talisman (active)
Wands
 n - a wand of mindburst (16) (quivered)
 G - a wand of iceblast (15)
 O - a wand of flame (31)
 Q - a wand of polymorph (2)
 U - a wand of light (6)
Scrolls
 e - 4 scrolls of fear
 g - 7 scrolls of teleportation {@r4}
 j - 2 scrolls of revelation
 l - 5 scrolls of vulnerability {!r}
 q - a scroll of fog
 u - 2 scrolls of blinking
 y - 2 scrolls of immolation {!r}
Potions
 a - 3 potions of invisibility {unknown}
 b - 2 potions of lignification {!q}
 f - 4 potions of enlightenment {unknown}
 i - 6 potions of curing {@q1}
 m - 2 potions of degeneration {unknown}
 o - a potion of cancellation
 p - a potion of heal wounds {unknown}
 t - 5 potions of might
 w - a potion of attraction {unknown}
 x - 3 potions of brilliance {unknown}
 z - a potion of magic {unknown}
 A - 2 potions of berserk rage {unknown}
 C - 7 potions of mutation {!q}
 E - 4 potions of haste {@q3}
 H - a potion of ambrosia {unknown}

Dungeon Overview and Level Annotations

Branches:
Dungeon (15/15)            Temple (1/1) D:5            Lair (0/5) D:8
    Orc (0/2) D:11         Vaults (0/5) D:13         Depths (2/4) D:15

Altars:
Ashenzari
Cheibriados
Dithmenos
Elyvilon
Fedhas
Gozag
Hepliaklqana
Kikubaaqudgha
Makhleb
Nemelex Xobeh
Okawaru
Qazlal
Ru
Sif Muna
Trog
Uskayaw
Vehumet
Wu Jian
Xom
Yredelemnul
Zin
The Shining One

Shops:
D:7 =   D:9 !   Depths:1 :=:

Annotations:
D:6 1 runed translucent door, eelars's ghost, novice NaSu
D:8 exclusion: downstairs
D:15 3 runed translucent doors, Uwkoecio's ghost, journeyman HOFi

▒▒▒▒▒▒
▒▒$!?(▒▒
▒▒......▒▒
▒....C...▒
▒..CyX...▒
▒....XD..+
▒...CyD..▒
▒▒......▒▒
▒▒....▒▒
▒▒''▒▒ ▒▒ ...
.▒ ▒▒. ....
..▒ ▒▒.. ..▒▒▒
▒..▒ ▒▒...
▒..▒▒▒▒▒▒▒....


You could see 2 tentacled monstrosities, 2 frost giants, an ice dragon (catching
breath), an ettin and 2 spark wasps.


Message History

* * * LOW HITPOINT WARNING * * *
The stone giant completely misses you.
The spriggan berserker closely misses you.
Unknown command.
Found 23 gold pieces.
Your surroundings suddenly seem different. 2 tentacled monstrosities, 3 giants, an ice dragon and 2 spark wasps come into view.
A frost giant is wielding a +1 battleaxe of freezing.
A frost giant is wielding a +2 battleaxe of freezing.
Found four items.
The ettin shouts in stereo!
The frost giant shouts!
The spark wasp buzzes angrily.
The ice dragon roars deafeningly!
The ice dragon misses you. The ice dragon misses you.
The ice dragon tramples you but does no damage.
The tentacled monstrosity tentacle-slaps you!
* * * LOW HITPOINT WARNING * * *
The tentacled monstrosity tentacle-slaps you.
* * * LOW HITPOINT WARNING * * *
The tentacled monstrosity completely misses you.
The tentacled monstrosity completely misses you.
The frost giant shouts!
As you read the scroll of teleportation {@r4}, it crumbles to dust.
You feel strangely unstable. The spark wasp completely misses you.
The ice dragon breathes frost at you. The blast of cold hits you!!!
You feel a terrible chill!
You die...

Action                     |  1- 3 |  4- 6 |  7- 9 | 10-12 | 13-15 || total
---------------------------+-------+-------+-------+-------+-------++-------
  Melee: Unarmed           |   110 |   144 |   244 |   748 |   475 ||  1721
         Punch             |     1 |       |       |     1 |    27 ||    29
         Constrict         |       |       |       |     7 |    56 ||    63
         Tailslap          |       |       |       |       |    29 ||    29
         Bite              |       |       |       |       |    14 ||    14
 Invoke: Heroism           |       |       |     6 |    20 |    14 ||    40
         Finesse           |       |       |       |       |     3 ||     3
  Evoke: Wand              |       |       |       |     3 |       ||     3
    Use: Potion            |       |     1 |       |     3 |       ||     4
         Scroll            |       |       |       |    12 |     6 ||    18
   Stab: Sleeping          |     3 |       |       |       |     1 ||     4
         Distracted        |       |       |       |     1 |     1 ||     2
 Armour: Animal skin       |    44 |     3 |       |       |       ||    47
         Skin              |       |    68 |    75 |   177 |   266 ||   586
  Dodge: Dodged            |    45 |   105 |   141 |   598 |   407 ||  1296
   Form: Flux              |       |     1 |       |       |       ||     1
                           |       |       |       |     2 |       ||     2
         Serpent           |       |       |       |     2 |       ||     2
         Dragon            |       |       |       |       |     1 ||     1

Levels and vault maps discovered:
D:1:      dpeg_arrival_shelter, layout_basic, hellmonk_ecumenical_altar_zigzags,
          nicolae_figureground_sparkle
D:2:      layout_basic
D:3:      layout_basic, eat_drink_and_be_merry_uskayaw, uniq_grinder
D:4:      layout_gridville, kiku_gazebo_pond_becter,
          mainiacjoe_overflow_alcove_1, minmay_misc_feat_iff
D:5:      layout_basic, mainiacjoe_overflow_alcove_4,
          minmay_temple_entry_butterflies, dreamdust_mushroom_princess
D:6:      layout_basic, lemuel_zombie_altar_yredelemnul,
          mainiacjoe_overflow_big_doors, ebering_ghost_inner_flame,
          dreamdust_princess_corridor
D:7:      layout_gridville, nicolae_hepliaklqana_hippocampus, slow_altar_1,
          serial_shops, shop
D:8:      layout_basic, hellmonk_lair_entry_icy, minivault_19, uniq_pikel,
          uniq_gastronok
D:9:      layout_basic, bloody_makhleb, serial_shops,
          nicolae_shop_tiny_real_fake_doors, palyth_stone_intersect
D:10:     minmay_slanted_spiral_squares, layout_long_grid
D:11:     layout_roguey, zombieorc1_lemuel
D:12:     layout_rooms, uniq_fannar
D:13:     layout_basic, hangedman_vaults_entry_quadrant_bands,
          minmay_misc_feat_four_crosses
D:14:     minmay_wavy_crystal, layout_basic, serial_glass, glass_columns_b,
          glass_columns_b, glass_columns_c, glass_columns_a, glass_columns_b,
          glass_columns_b, serial_library_regret_index_headful
D:15:     grunt_enter_depths_hoard, layout_loops_corners,
          ploomutoo_gammafunk_ghost_potion_laboratory, gauntlet_entry_generic
Temple:   nicolae_temple_no_exploring_needed
Depths:1: layout_gridlike, nicolae_vehumet_altar_sigil, hangedman_coc_ice_floe,
          hellmonk_sif_muna_bookshelves, minmay_shop_grove, serial_bayou_shore_b
Depths:2: minmay_octagon_city, layout_cave_shapes, enter_ziggurat_b,
          pf_hell_entry_great_geh, xom_teletrap_fun, grunt_pan_entry_spiral

Notes
Turn   | Place    | Note
-------+----------+-------------------------------------------
     0 | D:1      | sanka the Merfolk Shapeshifter began the quest for the Orb.
     0 | D:1      | Reached XP level 1. HP: 15/15 MP: 1/1
   171 | D:1      | Reached XP level 2. HP: 17/21 MP: 2/2
   333 | D:1      | Reached skill level 5 in Shapeshifting
   625 | D:1      | Reached XP level 3. HP: 26/26 MP: 3/3
   881 | D:1      | Found a faded altar of an unknown god.
  1666 | D:2      | Reached skill level 6 in Shapeshifting
  1670 | D:2      | Reached XP level 4. HP: 29/32 MP: 4/4
  2110 | D:3      | Found a hide-covered altar of Uskayaw.
  2223 | D:3      | Noticed Grinder
  2239 | D:3      | Paralysed by Grinder for 5 turns
  2255 | D:3      | Killed Grinder
  2256 | D:3      | Reached skill level 7 in Shapeshifting
  2256 | D:3      | Reached skill level 2 in Fighting
  2256 | D:3      | Reached skill level 4 in Unarmed Combat
  2256 | D:3      | Reached XP level 5. HP: 35/40 MP: 5/5
  2256 | D:3      | Reached XP level 6. HP: 40/46 MP: 6/6
  2952 | D:4      | Found an ancient bone altar of Kikubaaqudgha.
  3127 | D:4      | Reached skill level 3 in Fighting
  3211 | D:4      | Found a shadowy altar of Dithmenos.
  3503 | D:5      | Entered Level 5 of the Dungeon
  3513 | D:4      | Reached skill level 5 in Unarmed Combat
  3929 | D:5      | Reached XP level 7. HP: 35/52 MP: 7/7
  4129 | D:5      | Reached skill level 6 in Unarmed Combat
  4470 | D:5      | Reached skill level 7 in Unarmed Combat
  4545 | D:5      | Found a staircase to the Ecumenical Temple.
  4554 | Temple   | Entered the Ecumenical Temple
  4560 | Temple   | Became a worshipper of Warmaster Okawaru
  4724 | D:5      | Found a shimmering altar of Xom.
  4998 | D:6      | Reached skill level 8 in Unarmed Combat
  4998 | D:6      | Reached XP level 8. HP: 58/58 MP: 8/8
  5095 | D:6      | Reached * piety under Okawaru
  5197 | D:6      | Reached skill level 9 in Unarmed Combat
  5581 | D:6      | Reached skill level 1 in Invocations
  5820 | D:6      | Found a white marble altar of Elyvilon.
  5829 | D:6      | Reached skill level 2 in Invocations
  6092 | D:6      | Found a shimmering blue altar of Sif Muna.
  6142 | D:6      | Reached skill level 10 in Unarmed Combat
  6204 | D:6      | Found a runed translucent door.
  6204 | D:6      | Noticed a manticore
  6204 | D:6      | Noticed eelars's ghost (novice NaSu)
  6273 | D:6      | Found a basalt altar of Yredelemnul.
  6366 | D:7      | Reached skill level 3 in Invocations
  6422 | D:7      | Found Tuetor's Jewellery Emporium.
  6470 | D:7      | Reached ** piety under Okawaru
  6471 | D:7      | Reached skill level 4 in Invocations
  6560 | D:7      | Reached skill level 5 in Invocations
  6560 | D:7      | Reached XP level 9. HP: 60/63 MP: 12/12
  6605 | D:7      | Reached skill level 3 in Dodging
  6716 | D:7      | Reached skill level 4 in Dodging
  6734 | D:7      | Reached skill level 4 in Fighting
  6899 | D:7      | Reached skill level 5 in Dodging
  6911 | D:7      | Reached skill level 5 in Fighting
  6916 | D:7      | Reached *** piety under Okawaru
  6917 | D:7      | Reached skill level 6 in Dodging
  7100 | D:7      | Reached skill level 6 in Fighting
  7172 | D:7      | Reached skill level 7 in Dodging
  7290 | D:7      | Found a snail-covered altar of Cheibriados.
  7398 | D:7      | Found a hazy altar of Hepliaklqana.
  7620 | D:8      | Reached XP level 10. HP: 77/77 MP: 13/13
  7708 | D:8      | Reached skill level 7 in Fighting
  7708 | D:8      | Reached skill level 8 in Dodging
  7741 | D:8      | Reached skill level 8 in Fighting
  8013 | D:8      | Noticed Pikel
  8034 | D:8      | Killed Pikel
  8034 | D:8      | Reached **** piety under Okawaru
  8035 | D:8      | Reached skill level 8 in Shapeshifting
  8104 | D:8      | Reached skill level 9 in Shapeshifting
  8150 | D:8      | Found a staircase to the Lair.
  8191 | D:8      | Reached skill level 10 in Shapeshifting
  8326 | D:8      | Reached skill level 11 in Shapeshifting
  8486 | D:8      | Reached ***** piety under Okawaru
  8487 | D:8      | Reached skill level 12 in Shapeshifting
  8487 | D:8      | Reached XP level 11. HP: 76/86 MP: 14/14
  8570 | D:8      | Noticed Gastronok
  8589 | D:8      | HP: 7/129 [Gastronok/the air (26)]
  8591 | D:8      | Killed Gastronok
  8592 | D:8      | Reached skill level 13 in Shapeshifting
  9038 | D:9      | Identified the +6 whip of Saltpetre {antimagic, rPois rF-
                  | rCorr SInv}
  9070 | D:9      | Found a burning altar of Makhleb.
  9348 | D:9      | Reached skill level 14 in Shapeshifting
  9699 | D:9      | Found Vocadixt's Distillery.
  9926 | D:10     | Entered Level 10 of the Dungeon
 10852 | D:10     | Reached skill level 15 in Shapeshifting
 10961 | D:10     | Noticed a manticore
 10974 | D:10     | Killed a manticore
 11053 | D:10     | Noticed a two-headed ogre
 11063 | D:10     | Killed a two-headed ogre
 11073 | D:10     | Reached skill level 16 in Shapeshifting
 11073 | D:10     | Received a gift from Okawaru
 11082 | D:10     | Reached XP level 12. HP: 79/92 MP: 15/15
 11101 | D:10     | Identified +0 acid dragon scales
 11424 | D:11     | Noticed a boulder beetle
 11442 | D:11     | Killed a boulder beetle
 11596 | D:11     | Reached skill level 9 in Dodging
 11714 | D:11     | Found a staircase to the Orcish Mines.
 11992 | D:11     | Reached skill level 9 in Fighting
 12176 | D:11     | Received a gift from Okawaru
 12245 | D:11     | Identified the +2 pair of gloves "Basus" {rN++}
 12563 | D:12     | Reached skill level 11 in Unarmed Combat
 12862 | D:12     | Noticed Fannar
 12878 | D:11     | Reached skill level 10 in Dodging
 12892 | D:12     | Killed Fannar
 12966 | D:12     | Noticed a two-headed ogre
 13044 | D:12     | Killed a two-headed ogre
 13084 | D:12     | Noticed a two-headed ogre
 13093 | D:12     | Killed a two-headed ogre
 13224 | D:12     | Reached skill level 10 in Fighting
 13334 | D:12     | Received a gift from Okawaru
 13385 | D:12     | Noticed a boulder beetle
 13402 | D:12     | Killed a boulder beetle
 13809 | D:13     | Reached skill level 11 in Dodging
 13863 | D:13     | Reached XP level 13. HP: 104/104 MP: 16/16
 13902 | D:13     | Reached skill level 12 in Unarmed Combat
 13912 | D:13     | Received a gift from Okawaru
 14078 | D:13     | Reached skill level 11 in Fighting
 14452 | D:13     | Reached skill level 12 in Dodging
 14515 | D:13     | Found a gate to the Vaults.
 14768 | D:13     | Received a gift from Okawaru
 15330 | D:14     | Reached skill level 13 in Unarmed Combat
 15529 | D:14     | Reached skill level 12 in Fighting
 15553 | D:14     | Received a gift from Okawaru
 15878 | D:14     | Reached skill level 14 in Unarmed Combat
 16524 | D:15     | Entered Level 15 of the Dungeon
 16666 | D:15     | Reached skill level 15 in Unarmed Combat
 16666 | D:15     | Reached XP level 14. HP: 115/115 MP: 17/17
 16833 | D:15     | Identified +0 ice dragon scales
 16834 | D:15     | Reached skill level 6 in Invocations
 16940 | D:15     | Found a staircase to the Depths.
 17010 | D:15     | Found a runed translucent gate.
 17011 | D:15     | Found a runed translucent gate.
 17012 | D:15     | Found a runed translucent gate.
 17040 | D:15     | Reached skill level 7 in Invocations
 17357 | D:15     | Received a gift from Okawaru
 17358 | D:15     | Reached skill level 8 in Invocations
 17808 | D:15     | Reached skill level 9 in Invocations
 17848 | D:15     | Found a runed translucent gate.
 17848 | D:15     | Found a runed translucent gate.
 17848 | D:15     | Noticed a cacodemon
 17851 | D:15     | Noticed Uwkoecio's ghost (journeyman HOFi)
 17852 | D:15     | Found a runed translucent gate.
 18078 | D:7      | Bought a dragon-blood talisman for 780 gold pieces
 18337 | Depths:1 | Entered Level 1 of the Depths
 18348 | Depths:1 | Found a shimmering blue altar of Sif Muna.
 18368 | Depths:1 | Noticed a stone giant
 18390 | Depths:1 | Killed a stone giant
 18451 | Depths:1 | Received a gift from Okawaru
 18707 | Depths:1 | Found a radiant altar of Vehumet.
 18740 | Depths:1 | Found Erchyhuf's Book Boutique.
 18740 | Depths:1 | Found Hihy's Jewellery Emporium.
 18741 | Depths:1 | Found Jurieluo's Book Boutique.
 18778 | Depths:1 | You are sucked into a shaft and drop 1 floor!
 18778 | Depths:2 | Noticed a green very ugly thing
 18778 | Depths:2 | Noticed a green very ugly thing
 18785 | Depths:2 | Noticed a green very ugly thing
 18789 | Depths:2 | Reached skill level 10 in Invocations
 18793 | Depths:2 | Noticed a green very ugly thing
 18795 | Depths:2 | Killed a white very ugly thing
 18800 | Depths:2 | Killed a cyan very ugly thing
 18806 | Depths:2 | Killed a brown very ugly thing
 18808 | Depths:2 | Received a gift from Okawaru
 18811 | Depths:2 | Killed a green very ugly thing
 19116 | Depths:2 | Identified a scroll of acquirement
 19116 | Depths:2 | Acquired 1016 gold pieces
 19173 | Depths:2 | Received a gift from Okawaru
 19174 | Depths:2 | Reached skill level 13 in Fighting
 19256 | Depths:2 | Noticed a shadow dragon
 19267 | Depths:2 | Killed a shadow dragon
 19546 | Depths:2 | Identified +0 fire dragon scales
 19556 | Depths:2 | Reached skill level 16 in Unarmed Combat
 19556 | Depths:2 | Reached XP level 15. HP: 124/124 MP: 20/22
 19716 | Depths:2 | Received a gift from Okawaru
 19799 | Depths:2 | Reached skill level 14 in Fighting
 19886 | Depths:2 | Noticed a frost giant
 19898 | Depths:2 | Noticed a fire giant
 19900 | Depths:2 | Noticed a frost giant
 19900 | Depths:2 | Noticed a tentacled monstrosity
 19900 | Depths:2 | Noticed a tentacled monstrosity
 19900 | Depths:2 | Noticed a frost giant
 19901 | Depths:2 | Killed from afar by an ice dragon

Vanquished Creatures
  Gastronok (D:8)
  A shadow dragon (Depths:2)
  5 very ugly things (Depths:2)
  4 stone giants
  2 spark wasps (Depths:2)
  An ettin (Depths:1)
  2 fire dragons (Depths:2)
  Fannar (D:12)
  An ice dragon (D:15)
  2 hydras
  An ogre mage (D:14)
  A rakshasa (Depths:2)
  3 spriggan air magi (Depths:2)
  5 boulder beetles
  6 centaur warriors
  3 two-headed ogres
  2 deep troll shamans (Depths:2)
  A deep troll earth mage (Depths:2)
  6 tengu warriors
  2 occultists
  A spriggan berserker (Depths:2)
  2 spriggans (Depths:2)
  A skeletal warrior (D:13)
  An iron troll (Depths:2)
  2 deep trolls (Depths:2)
  A glowing orange brain (D:15)
  An arcanist (D:14)
  Pikel (D:8)
  An orc knight (D:15)
  A deep elf zephyrmancer (D:14)
  A necromancer (D:14)
  4 deep elf pyromancers
  A wolf spider (shapeshifter) (D:15)
  11 ugly things
  3 cyclopes
  3 manticores
  A manticore (shapeshifter) (Depths:2)
  A gargoyle (D:11)
  4 centaur skeletons (D:13)
  An unseen horror (D:10)
  3 yaktaurs (D:13)
  A rime drake (D:8)
  A kobold demonologist (D:14)
  3 tengu conjurers
  7 trolls
  A hornet (shapeshifter) (Depths:2)
  3 hornets
  Grinder (D:3)
  14 slime creatures
  2 shadows (D:11)
  2 vampires
  6 wraiths
  A wyvern (D:7)
  25 yaks
  10 vampire mosquitoes
  3 acid dragons
  6 ice beasts
  A black bear (D:6)
  5 orc warriors
  2 sky beasts
  A boggart (D:13)
  6 laughing skulls
  An ogre (D:7)
  15 centaurs
  3 wolves (D:8)
  2 phantoms
  10 kobold brigands
  2 scorpions (D:6)
  18 wights
  2 troll zombies (D:11)
  6 killer bees (D:6)
  2 bombardier beetles
  5 howler monkeys
  A bullfrog zombie (D:6)
  2 hounds
  5 orc priests
  3 jellies
  5 iguanas
  6 orc wizards
  4 ogre zombies (D:11)
  A howler monkey zombie (D:6)
  7 gnolls
  5 adders
  2 shadow imps (D:5)
  A white imp (D:8)
  5 dart slugs
  A ribbon worm (D:7)
  37 orcs
  3 ball pythons
  5 endoplasms
  3 giant cockroaches
  2 gnoll zombies (D:11)
  7 goblins
  9 hobgoblins
  2 jackals (D:4)
  36 kobolds
  4 quokkas
  2 bats
  6 frilled lizards
  5 gnoll skeletons (D:11)
  2 orc skeletons (D:11)
  10 orc zombies (D:11)
  4 rats
447 creatures vanquished.

Vanquished Creatures (others)
  An ice dragon (D:15)
1 creature vanquished.

Grand Total: 448 creatures vanquished
